 Dungeon Crawl Stone Soup version 0.30-a0-241-g1121274140 (webtiles) character file.

Game seed: 14755084556347987987

60055 treertat the Impaler (level 14, -4/135 HPs)
             Began as a Minotaur Monk on Oct 7, 2022.
             Was the Champion of Makhleb.
             Slain by a dire elephant (11 damage)
             ... on level 5 of the Lair of Beasts on Oct 10, 2022.
             The game lasted 01:06:57 (18230 turns).

treertat the Impaler (Minotaur Monk)               Turns: 18230, Time: 01:07:01

Health: -4/135     AC: 30    Str: 17    XL:     14   Next: 55%
Magic:  23/23      EV:  9    Int:  7    God:    Makhleb [******]
Gold:   1317       SH:  0    Dex: 17    Spells: 13/13 levels left

rFire   + . .      SeeInvis .    l - +7 halberd (protect)
rCold   . . .      Faith    .    (shield currently unavailable)
rNeg    . . .      Spirit   .    o - +8 plate armour {rF+}
rPois   .          Reflect  .    C - +2 hat
rElec   .          Harm     .    J - +2 cloak
rCorr   .          Rampage  .    M - +0 pair of gloves
Will    +....                    (no boots)
Stlth   ..........               i - amulet of regeneration
HPRegen 1.22/turn                (no ring)
MPRegen 0.18/turn                (no ring)

@: no status effects
A: horns 2, retaliatory headbutt
a: Renounce Religion, Minor Destruction, Lesser Servant of Makhleb, Major
Destruction, Greater Servant of Makhleb


You were on level 5 of the Lair of Beasts.
You worshipped Makhleb.
Makhleb was exalted by your worship.
You visited 3 branches of the dungeon, and saw 17 of its levels.
You also visited: Ice Cave and Volcano.

You collected 2136 gold pieces.
You spent 819 gold pieces at shops.

Inventory:

Hand Weapons
 b - the +7 sling "Jellyslayer" {freeze, rElec rPois rF- Dex-4}
   (You found it on level 5 of the Lair of Beasts)

   Any ammunition fired from it freezes those it strikes, dealing additional
   cold damage.
   It can also slow down cold-blooded creatures.
   Dex:       It affects your dexterity (-4).
   rF:        It makes you vulnerable to fire.
   rElec:     It insulates you from electricity.
   rPois:     It protects you from poison.
 l - a +7 halberd of protection (weapon)
 x - a +2 shortbow of freezing
 y - the +1 halberd "Tifoump" {speed, rF+ rC+ Int+3}
   (You bought it in a shop on level 1 of the Dungeon)

   Attacks with this weapon are significantly faster.
   Int:       It affects your intelligence (+3).
   rF:        It protects you from fire.
   rC:        It protects you from cold.
 D - a +4 halberd of freezing
 G - the +7 rapier of the Dancing Madman {drain, rN+ Will+ Int+4 Dex-3}
   (You took it off a centaur warrior on level 8 of the Dungeon)

   A truly terrible weapon, it drains the life of any living foe it strikes.
   Int:       It affects your intelligence (+4).
   Dex:       It affects your dexterity (-3).
   rN:        It protects you from negative energy.
   Will:      It increases your willpower.
 S - a +1 hand crossbow of freezing
Armour
 e - a +1 plate armour of poison resistance
 o - a +8 plate armour of fire resistance (worn)
 C - a +2 hat (worn)
 J - a +2 cloak (worn)
 M - a +0 pair of gloves (worn)
 Q - +0 ice dragon scales
Jewellery
 i - an amulet of regeneration (around neck)
 j - a ring of poison resistance
 n - a ring of flight
 F - an amulet of guardian spirit
 N - a +4 ring of protection
Wands
 t - a wand of light (7)
 A - a wand of roots (16)
 H - a wand of mindburst (12)
Scrolls
 a - a scroll of torment {unknown}
 c - 2 scrolls of vulnerability
 d - 4 scrolls of blinking
 f - a scroll of summoning
 k - 9 scrolls of identify
 m - 6 scrolls of teleportation
 u - 4 scrolls of enchant armour
 E - 3 scrolls of fear
 I - 2 scrolls of fog
Potions
 g - 2 potions of might
 h - 5 potions of curing
 p - 3 potions of flight
 q - 2 potions of magic
 r - a potion of cancellation
 v - a potion of haste
 z - 2 potions of brilliance
Miscellaneous
 s - a phantom mirror
 K - a tin of tremorstones (1/2)
 R - a condenser vane


   Skills:
 - Level 15.3 Fighting
 - Level 16.0 Polearms
 + Level 11.6 Armour
 + Level 9.3 Dodging
 - Level 1.5 Stealth
 * Level 13.8 Invocations
 + Level 2.1 Evocations


You had 13 spell levels left.
You didn't know any spells.
Your spell library contained the following spells:

 Spells                   Type           Power      Damage    Failure   Level
 Sting                    Tmut/Pois      0%         1d3       100%        1
 Summon Small Mammal      Summ           0%         N/A       100%        1
 Poisonous Vapours        Pois/Air       0%         N/A       100%        2
 Sublimation of Blood     Necr           0%         N/A       100%        2
 Call Canine Familiar     Summ           0%         N/A       100%        3
 Ignite Poison            Fire/Tmut/Pois 0%         N/A       100%        3
 Kindle Blastsparks       Fire/Tloc/Air  0%         2d10      100%        3
 Summon Guardian Golem    Hex/Summ       0%         N/A       100%        3
 Vhi's Electric Charge    Tloc/Air       0%         N/A       100%        3
 Leda's Liquefaction      Hex/Erth       0%         N/A       100%        4
 Olgreb's Toxic Radiance  Pois           0%         N/A       100%        4
 Petrify                  Tmut/Erth      0%         N/A       100%        4
 Alistair's Intoxication  Tmut/Pois      0%         N/A       100%        5
 Arcjolt                  Conj/Air       0%         1d10      100%        5
 Borgnjor's Vile Clutch   Necr/Erth      0%         N/A       100%        5
 Freezing Cloud           Conj/Ice/Air   0%         6-21      100%        5
 Irradiate                Conj/Tmut      0%         3d11      100%        5
 Lee's Rapid Deconstruct  Erth           0%         3d5*      100%        5
 Metabolic Englaciation   Hex/Ice        0%         N/A       100%        5
 Summon Forest            Summ/Tloc      0%         N/A       100%        5
 Summon Mana Viper        Hex/Summ       0%         N/A       100%        5
 Eringya's Noxious Bog    Tmut/Pois      0%         N/A       100%        6
 Statue Form              Tmut/Erth      0%         N/A       100%        6
 Summon Cactus Giant      Summ           0%         N/A       100%        6
 Maxwell's Capacitive Co  Air            0%         ∞         100%        8


Dungeon Overview and Level Annotations

Branches:
Dungeon (10/15)            Temple (0/1) D:7            Lair (5/5) D:8
 Shoals (0/4) Lair:3       Spider (0/4) Lair:2        Slime (0/5) Lair:4
    Orc (2/2) D:10            Elf (0/3) Orc:2         IceCv (visited)
Volcano (visited)

Altars:
Ashenzari
Cheibriados
Dithmenos
Fedhas
Gozag
Makhleb
Qazlal
Ru
Uskayaw
Yredelemnul
Zin

Shops:
D:1 *   D:3 (   D:5 (   D:8 (   Orc:2 (???

Annotations:
Lair:4 2 transporters, SigmundSlayer's ghost, journeyman DgFi
Lair:5 exclusion: obsidian statue


Innate Abilities, Weirdness & Mutations

You have a pair of horns on your head.
You reflexively headbutt those who attack you in melee.


Message History

The dire elephant closely misses you. The dire elephant barely misses you.
You hit the dire elephant but do no damage.
You headbutt the dire elephant, but do no damage.
The dire elephant is almost dead.
The dire elephant tramples you!
* * * LOW HITPOINT WARNING * * *
You hold your ground!
The dire elephant trunk-slaps you but does no damage.
Okay, then.
You are confused.
You feel invigorated.
The dire elephant tramples you but does no damage.
The dire elephant trunk-slaps you but does no damage.
You bump into the stone wall.
The dire elephant tramples you but does no damage.
The dire elephant trunk-slaps you but does no damage.
The dire elephant attacks as you move away!
The dire elephant tramples you!
* * * LOW HITPOINT WARNING * * *
The dire elephant trunk-slaps you.
* * * LOW HITPOINT WARNING * * *
You feel less invigorated.
You feel less confused.
The dire elephant attacks as you move away!
The dire elephant barely misses you. You furiously retaliate!
You headbutt the dire elephant, but do no damage.
The dire elephant trunk-slaps you but does no damage.
The dire elephant attacks as you move away!
The dire elephant tramples you!
* * * LOW HITPOINT WARNING * * *
The dire elephant trunk-slaps you!
* * * LOW HITPOINT WARNING * * *
You feel better.
The dire elephant attacks as you move away!
The dire elephant tramples you!
* * * LOW HITPOINT WARNING * * *
The dire elephant trunk-slaps you.
* * * LOW HITPOINT WARNING * * *
The dire elephant tramples you!
You die...

♣!......#...###..## ##...
#.......#P.###....# #...
#..........P.##...# ##...
..............#...####..#.
#..........#....#.#.....#.#
.P.#..#..P#....#........#..
......................#...
..♣########'''######## #######
.###.@......÷÷.......# 8..P.P#
#PYY#####8P⌠P8#####P. ....†P#
####.###~.###8P8###..###
8...).####...P#~~~~.#######8....#
#####'#....####.≈≈≈≈#8...8#.....#
#.#.####.8#.~≈≈≈'...(?#)....#
#P..#P....'..~≈~')..()#8...)'
#8..#....8##.~~##8...8##...##
♣♣####''#''######### ############


You could see 2 dire elephants.

Vanquished Creatures
  Saint Roka (Orc:2)
  A reaper (IceCv)
  Azrael (Orc:2)
  A dire elephant (Lair:5)
  Josephine (Orc:2)
  A great orb of eyes (shapeshifter) (D:8)
  3 hydras
  Erolcha (Orc:2)
  4 catoblepae
  A centaur warrior (D:8)
  5 two-headed ogres
  8 death yaks
  A spectral dire elephant (Lair:5)
  7 orc high priests (Orc:2)
  A hell knight (Volcano)
  A spectral anaconda (Lair:5)
  The ghost of pigah the Zephyrmancer, a novice OpAE of Gozag (D:7)
  3 necromancers (Lair:5)
  A lindwurm (Lair:2)
  An ugly thing (D:8)
  An oklob plant (Lair:4)
  An orc sorcerer (Orc:1)
  A cyclops (Orc:2)
  A dire elephant zombie (Lair:5)
  11 elephants
  Maurice (D:9)
  A molten gargoyle (Volcano)
  An ice statue (IceCv)
  A black mamba (Lair:5)
  A gargoyle (D:10)
  An unseen horror (D:10)
  6 cane toads
  5 komodo dragons
  2 rime drakes (Orc:2)
  An ice devil (IceCv)
  2 anaconda simulacra (IceCv)
  A troll (D:10)
  A hornet (D:8)
  3 blink frogs (Lair:4)
  2 polar bears (Lair:5)
  A slime creature (D:8)
  7 dream sheep (Lair:5)
  2 jumping spiders (Lair:2)
  Sigmund (D:2)
  4 culicivoras (Lair:2)
  2 shadows (D:10)
  4 wraiths
  7 wyverns
  5 yaks (Lair:1)
  5 fire bats (Volcano)
  3 steam dragons
  2 basilisks (Lair:3)
  2 fire elementals (Orc:2)
  2 redbacks (Lair:2)
  2 wargs
  A death yak simulacrum (IceCv)
  A harpy simulacrum (IceCv)
  Duvessa (D:6)
  A hydra simulacrum (IceCv)
  3 hell hounds (Orc:2)
  15 water moccasins
  9 orc warriors
  An ice beast (D:8)
  An elephant zombie (Lair:5)
  4 black bears
  4 centaurs
  6 ogres
  2 elephant skeletons (Lair:5)
  A kobold brigand (D:8)
  11 bullfrogs
  A necrophage (D:5)
  2 gnoll sergeants
  6 cane toad simulacra (IceCv)
  6 scorpions
  6 two-headed ogre simulacra (IceCv)
  21 wights
  Dowan (D:6)
  An elephant simulacrum (IceCv)
  3 electric eels
  A howler monkey (D:10)
  6 lava snakes
  3 gnoll boudas
  2 hounds
  4 jellies
  34 orc priests
  2 iguanas (D:5)
  21 orc wizards
  Terence (D:2)
  7 troll simulacra (IceCv)
  2 polar bear simulacra (IceCv)
  6 spriggan simulacra (IceCv)
  2 wolf simulacra (IceCv)
  Robin (D:4)
  A howler monkey zombie (D:7)
  25 gnolls
  6 adders
  3 naga simulacra (IceCv)
  A shadow imp (D:7)
  7 white imps (IceCv)
  7 ufetubi
  2 worms (D:3)
  A dart slug (D:2)
  66 orcs
  11 endoplasms
  A giant cockroach (D:3)
  18 goblins
  8 hobgoblins
  7 jackals
  15 kobolds
  7 quokkas
  5 ball pythons
  2 bats (D:3)
  2 frilled lizards (D:1)
532 creatures vanquished.

Vanquished Creatures (collateral kills)
  An ogre mage (Volcano)
  2 two-headed ogres (Volcano)
  A spectral death yak (Lair:5)
  A fire bat (Volcano)
  An elephant zombie (Lair:5)
  3 wights (D:6)
  2 lava snakes (Volcano)
  Crazy Yiuf (D:6)
  An orc wizard (D:6)
  A centaur simulacrum (D:7)
  A howler monkey zombie (D:7)
  3 orcs (D:6)
18 creatures vanquished.

Vanquished Creatures (others)
  An ugly thing (D:8)
  2 bushes (Lair:5)
  33 fungi
  106 plants
  12 withered plants (Lair:5)
154 creatures vanquished.

Grand Total: 704 creatures vanquished

Notes
Turn   | Place    | Note
-------+----------+-------------------------------------------
     0 | D:1      | treertat the Minotaur Monk began the quest for the Orb.
     0 | D:1      | Reached XP level 1. HP: 19/19 MP: 0/0
   181 | D:1      | Found Byet's Assorted Antiques.
   323 | D:1      | Reached skill level 4 in Polearms
   454 | D:1      | Reached XP level 2. HP: 27/27 MP: 1/1
   964 | D:2      | Noticed Terence
  1020 | D:2      | Killed Terence
  1021 | D:2      | Reached XP level 3. HP: 17/33 MP: 2/2
  1055 | D:2      | Reached skill level 5 in Polearms
  1345 | D:2      | Noticed Sigmund
  1455 | D:2      | Found a faded altar of an unknown god.
  1460 | D:2      | Prayed at the altar of an unknown god.
  1460 | D:2      | Became a worshipper of Makhleb the Destroyer
  1460 | D:2      | Reached * piety under Makhleb
  1460 | D:2      | Reached ** piety under Makhleb
  1489 | D:2      | Identified 2 scrolls of acquirement
  1489 | D:2      | Acquired a +6 halberd of protection
  1498 | D:2      | Killed Sigmund
  1499 | D:2      | Reached skill level 5 in Fighting
  1499 | D:2      | Reached skill level 6 in Polearms
  1499 | D:2      | Reached XP level 4. HP: 37/42 MP: 3/3
  1499 | D:2      | Reached XP level 5. HP: 43/48 MP: 4/4
  1651 | D:3      | Reached *** piety under Makhleb
  1702 | D:3      | Found a hide-covered altar of Uskayaw.
  1788 | D:3      | Found a broken altar of Ashenzari.
  1803 | D:3      | Found Vuila's Weapon Emporium.
  1901 | D:3      | Found a shadowy altar of Dithmenos.
  2112 | D:3      | Reached XP level 6. HP: 56/56 MP: 5/5
  2179 | D:3      | Reached skill level 7 in Polearms
  2416 | D:4      | Reached skill level 1 in Invocations
  2809 | D:4      | Noticed Robin
  2817 | D:4      | Killed Robin
  2824 | D:4      | Reached **** piety under Makhleb
  3123 | D:5      | Entered Level 5 of the Dungeon
  3167 | D:5      | Reached XP level 7. HP: 63/63 MP: 7/7
  3201 | D:5      | Found Qemulof's Antique Weapon Shop.
  3340 | D:5      | Reached skill level 8 in Polearms
  3469 | D:1      | Bought an ichor-stained halberd for 144 gold pieces
  3469 | D:1      | Identified the +1 halberd "Tifoump" {speed, rF+ rC+ Int+3}
                  | (You bought it in a shop on level 1 of the Dungeon)
  3728 | D:5      | Found a sacrificial altar of Ru.
  3861 | D:5      | Reached skill level 9 in Polearms
  4079 | D:6      | Reached XP level 8. HP: 61/71 MP: 9/9
  4229 | D:6      | Found a blossoming altar of Fedhas.
  4230 | D:6      | Found a basalt altar of Yredelemnul.
  4230 | D:6      | Found a glowing silver altar of Zin.
  4248 | D:6      | Reached skill level 10 in Polearms
  4604 | D:6      | Found an opulent altar of Gozag.
  4664 | D:6      | Found a snail-covered altar of Cheibriados.
  4698 | D:6      | Reached skill level 11 in Polearms
  4698 | D:6      | Reached skill level 5 in Invocations
  4698 | D:6      | Reached XP level 9. HP: 68/81 MP: 11/11
  4988 | D:6      | Noticed Duvessa
  4988 | D:6      | Noticed Dowan
  4996 | D:6      | Killed Duvessa
  5002 | D:6      | Killed Dowan
  5037 | D:6      | Found a runed translucent door.
  5038 | D:6      | Noticed Crazy Yiuf
  5151 | D:6      | Killed Crazy Yiuf
  5277 | D:7      | Found a stormy altar of Qazlal.
  5352 | D:7      | Reached skill level 12 in Polearms
  5750 | D:7      | Reached ***** piety under Makhleb
  6244 | D:7      | Found a staircase to the Ecumenical Temple.
  6285 | D:7      | Found a runed translucent gate.
  6285 | D:7      | Found a runed translucent gate.
  6286 | D:7      | Found a runed translucent gate.
  6287 | D:7      | Noticed pigah's ghost (novice OpAE)
  6294 | D:7      | Killed pigah's ghost
  6295 | D:7      | Reached XP level 10. HP: 91/91 MP: 13/13
  6296 | D:7      | Reached skill level 13 in Polearms
  6622 | D:8      | Found Beun's Antique Weapon Shoppe.
  6921 | D:8      | Noticed a two-headed ogre
  6937 | D:8      | Killed a two-headed ogre
  6938 | D:8      | Reached skill level 10 in Fighting
  7228 | D:8      | Noticed a brown ugly thing
  7228 | D:8      | Noticed a salamander
  7228 | D:8      | Noticed a centaur warrior
  7249 | D:8      | Noticed a green ugly thing
  7255 | D:8      | Found a staircase to the Lair.
  7286 | Lair:1   | Entered Level 1 of the Lair of Beasts
  7297 | Lair:1   | Acquired an amulet of regeneration
  7335 | Lair:1   | Reached skill level 14 in Polearms
  7499 | Lair:1   | Noticed a cane toad
  7510 | Lair:1   | Killed a cane toad
  7562 | Lair:1   | Found a dark tunnel.
  7686 | Volcano  | Entered a volcano
  7795 | Volcano  | Reached XP level 11. HP: 84/102 MP: 14/16
  7858 | Volcano  | Noticed a two-headed ogre
  7864 | Volcano  | Killed a two-headed ogre
  7865 | Volcano  | Reached skill level 15 in Polearms
  7866 | Volcano  | Noticed a two-headed ogre
  7902 | Volcano  | Found a burning altar of Makhleb.
  7902 | Volcano  | Noticed a two-headed ogre
  7902 | Volcano  | Noticed an ogre mage
  7902 | Volcano  | Noticed a two-headed ogre
  7904 | Volcano  | Killed a two-headed ogre
  7918 | Volcano  | Killed a two-headed ogre
  7918 | Volcano  | Killed a two-headed ogre
  7927 | Volcano  | Killed an ogre mage
  8016 | Volcano  | Noticed a hell knight
  8025 | Volcano  | Noticed a two-headed ogre
  8028 | Volcano  | Killed a hell knight
  8032 | Volcano  | Killed a two-headed ogre
  8033 | Volcano  | Reached skill level 16 in Polearms
  8750 | Lair:2   | Found a hole to the Spider Nest.
  8846 | Lair:2   | Noticed a death yak
  8846 | Lair:2   | Noticed a death yak
  8856 | Lair:2   | Noticed a death yak
  8888 | Lair:2   | Noticed a death yak
  8889 | Lair:2   | Killed a death yak
  8890 | Lair:2   | Reached skill level 1 in Armour
  8900 | Lair:2   | Killed a death yak
  8906 | Lair:2   | Noticed a death yak
  9025 | Lair:2   | Reached skill level 10 in Invocations
  9025 | Lair:2   | Reached XP level 12. HP: 113/113 MP: 18/18
  9036 | Lair:2   | Found a gate leading to a gauntlet.
  9036 | Lair:2   | Noticed a death yak
  9055 | Lair:2   | Noticed a death yak
  9067 | Lair:1   | Killed a death yak
  9152 | Lair:2   | Killed a death yak
  9634 | Lair:2   | Killed a death yak
  9649 | Lair:2   | Killed a death yak
  9650 | Lair:2   | Reached skill level 5 in Armour
  9654 | Lair:2   | Killed a death yak
  9878 | Lair:3   | Noticed a catoblepas
  9891 | Lair:3   | Killed a catoblepas
  9959 | Lair:3   | Noticed a catoblepas
  9986 | Lair:3   | Killed a catoblepas
 10041 | Lair:3   | Found a staircase to the Shoals.
 10051 | Lair:3   | Noticed a catoblepas
 10066 | Lair:3   | Killed a catoblepas
 10892 | Lair:4   | Noticed a six-headed hydra
 10899 | Lair:4   | Noticed an eight-headed hydra
 10972 | Lair:3   | Killed a seven-headed hydra
 11188 | Lair:4   | Found a transporter.
 11190 | Lair:4   | Found a transporter.
 11203 | Lair:4   | Noticed a death yak
 11204 | Lair:4   | Noticed SigmundSlayer's ghost (journeyman DgFi)
 11207 | Lair:4   | Noticed a catoblepas
 11224 | Lair:4   | Killed a catoblepas
 11254 | Lair:4   | Noticed a five-headed hydra
 11395 | Lair:4   | Reached XP level 13. HP: 125/125 MP: 20/20
 11686 | Lair:4   | Found a staircase to the Slime Pits.
 12078 | Lair:5   | Entered Level 5 of the Lair of Beasts
 12522 | D:8      | Identified the +7 rapier of the Dancing Madman {drain, rN+
                  | Will+ Int+4 Dex-3}
 12524 | D:8      | Paralysed by a great orb of eyes for 2 turns
 12534 | D:8      | Paralysed by a great orb of eyes for 4 turns
 12727 | D:9      | Reached skill level 15 in Fighting
 12728 | D:9      | Noticed Maurice
 12741 | D:9      | Killed Maurice
 13816 | D:10     | Entered Level 10 of the Dungeon
 13827 | D:10     | Upgraded the game from 0.30-a0-219-gf2db51d15e to
                  | 0.30-a0-241-g1121274140
 14073 | D:10     | Found a staircase to the Orcish Mines.
 14579 | Orc:1    | Entered Level 1 of the Orcish Mines
 14704 | Orc:2    | Entered Level 2 of the Orcish Mines
 14704 | Orc:2    | Found a staircase to the Elven Halls.
 14716 | Orc:2    | Noticed Azrael
 14732 | Orc:2    | Killed Azrael
 15083 | Orc:2    | Found a frozen archway.
 15088 | Orc:2    | Reached skill level 5 in Dodging
 15101 | IceCv    | Entered an ice cave
 15199 | IceCv    | Reached skill level 10 in Armour
 15509 | IceCv    | Reached ****** piety under Makhleb
 15662 | IceCv    | Noticed a reaper
 15694 | IceCv    | Killed a reaper
 15893 | Orc:2    | Noticed Erolcha
 15907 | Orc:2    | Killed Erolcha
 15960 | Orc:2    | Noticed Saint Roka
 16007 | Orc:2    | Killed Saint Roka
 16008 | Orc:2    | Noticed Josephine
 16050 | Orc:2    | Reached XP level 14. HP: 73/135 MP: 22/22
 16673 | Orc:2    | Killed Josephine
 16916 | Orc:2    | Found Ajameoj's Magic Scroll Emporium.
 16916 | Orc:2    | Found Feetz's Magic Scroll Boutique.
 16961 | Orc:2    | Found Says Fyi's Magic Scroll Emporium.
 16961 | Orc:2    | Found Goazxuymn's Antique Weapon Boutique.
 16986 | Orc:2    | Bought a scroll of fear for 44 gold pieces
 16986 | Orc:2    | Bought a scroll of identify for 22 gold pieces
 16986 | Orc:2    | Bought a scroll of blinking for 82 gold pieces
 16986 | Orc:2    | Bought 3 scrolls of identify for 66 gold pieces
 16986 | Orc:2    | Bought a scroll of teleportation for 33 gold pieces
 17022 | Orc:2    | Bought a scroll of teleportation for 33 gold pieces
 17022 | Orc:2    | Bought a scroll of identify for 22 gold pieces
 17022 | Orc:2    | Bought a scroll of teleportation for 33 gold pieces
 17022 | Orc:2    | Bought a scroll of enchant armour for 82 gold pieces
 17022 | Orc:2    | Bought a scroll of blinking for 82 gold pieces
 17022 | Orc:2    | Bought a scroll of identify for 22 gold pieces
 17031 | Orc:2    | Bought a scroll of identify for 28 gold pieces
 17031 | Orc:2    | Bought a scroll of vulnerability for 56 gold pieces
 17031 | Orc:2    | Bought a scroll of fog for 56 gold pieces
 17031 | Orc:2    | Bought a scroll of noise for 14 gold pieces
 17537 | Lair:5   | Identified the +7 sling "Jellyslayer" {freeze, rElec rPois
                  | rF- Dex-4}
 17950 | Lair:5   | Reached skill level 1 in Evocations
 18026 | Lair:5   | Identified the +4 quarterstaff of Baka {pain, *Corrode Fly
                  | rF+ Int+2}
 18230 | Lair:5   | HP: 6/135 [dire elephant (5)]
 18230 | Lair:5   | Slain by a dire elephant

Illustrated notes

Levels and vault maps discovered:
D:1:      minmay_arrival_checkered_box, layout_basic, serial_shops,
          nicolae_shop_behind_doors, grunt_decor_one_mirror
D:2:      layout_basic, ebering_ecumenical_altar_hall, uniq_terence,
          uniq_sigmund
D:3:      layout_basic, amcnicky_altar_gilded, nicolae_uskayaw_dance_hall,
          grunt_dithmenos_smoke_and_mirrors, serial_shops,
          nicolae_shop_bloodbath_and_beyond
D:4:      layout_loops_cross, chequers_big_river, ebering_dispersal_statue_hall,
          kennysheep_generic_room_9, uniq_robin
D:5:      corexii_shack_village, layout_rooms, general_overflow_altar,
          serial_shops, shop, minmay_tree_intersection
D:6:      layout_loops_ring, mainiacjoe_overflow_paths,
          nicolae_overflow_quartered_altars, uniq_crazy_yiuf_cottage,
          uniq_duvessa
D:7:      layout_basic, nicolae_qazlal_scattered_showers,
          minmay_temple_entry_statues_pillars, gammafunk_ghost_necromancy,
          enter_bailey_7
D:8:      minmay_slanted_spiral_squares, layout_basic, david_lair_shrubbed,
          serial_shops, shop
D:9:      layout_stronghold, uniq_maurice
D:10:     layout_loops_ring, orc_0_dummy
Lair:1:   layout_regular_city, nicolae_volcano_entry_two_sided,
          chequers_serial_rivers_room_a, chequers_serial_rivers_micro_b,
          grunt_megastairs_4
Lair:2:   layout_regular_city, nicolae_spider_entry_tight_spaces,
          gauntlet_entry_generic, patterned_corridor
Lair:3:   layout_big_grid, elwin_shoals_entry_rocks, serial_bayou_shore_a,
          lemuel_fruit_tree, infiniplex_staircase_pool, lemuel_fruit_fields
Lair:4:   layout_cave_pods, dpeg_slime_entry_enclosed, nzn_ghost_randoct
Lair:5:   due_jungle_book, layout_loops_ring, serial_forest,
          infiniplex_forest_straight_2, infiniplex_forest_end_1,
          infiniplex_forest_end_2, infiniplex_forest_lined_3,
          infiniplex_forest_lined_1, nicolae_lair_liquid_snakes
Orc:1:    layout_caves, basic_altar
Orc:2:    st_orc_town, layout_diamond_mine, portal_ice_cave_rime, uniq_azrael,
          uniq_josephine, uniq_saint_roka, uniq_erolcha

Skill      XL: |  1  2  3  4  5  6  7  8  9 10 11 12 13 14 |
---------------+-------------------------------------------+-----
Polearms       | 4 6 7 9 11 12 14 16 | 16.0
Fighting       | 4 5 6 8 9 11 12 14 15 | 15.3
Invocations    | 2 3 5 6 8 10 11 13 | 13.8
Armour         | 2 7 10 11 | 11.6
Dodging        | 7 9 |  9.3
Evocations     | 2 |  2.1
Stealth        | |  1.5

Action                   |  1- 3 |  4- 6 |  7- 9 | 10-12 | 13-15 || total
-------------------------+-------+-------+-------+-------+-------++-------
Melee: Spear             |    81 |       |       |       |       ||    81
       Headbutt          |    12 |     9 |    31 |   105 |   192 ||   349
       Punch             |     2 |       |       |       |       ||     2
       Halberd           |     5 |    89 |   216 |   478 |   875 ||  1663
Invok: Lesser Servant of |       |       |     6 |    10 |     5 ||    21
       Major Destruction |       |       |       |     2 |     1 ||     3
       Minor Destruction |       |       |       |     5 |     8 ||    13
       Greater Servant o |       |       |       |       |     1 ||     1
Evoke: Wand              |       |       |     9 |    16 |     5 ||    30
       Tin of tremorston |       |       |       |       |     2 ||     2
       Condenser vane    |       |       |       |       |     1 ||     1
  Use: Scroll            |     2 |       |    11 |    14 |     3 ||    30
       Potion            |     2 |       |       |     8 |     8 ||    18
 Stab: Sleeping          |     3 |       |       |       |       ||     3
       Invisible         |       |       |     2 |     3 |     4 ||     9
       Distracted        |       |       |       |     2 |       ||     2
Armor: Robe              |     5 |       |       |       |       ||     5
       Scale mail        |     6 |    42 |    79 |    44 |       ||   171
       Plate armour      |       |       |       |   254 |   577 ||   831
Dodge: Dodged            |    25 |    28 |    94 |   123 |   214 ||   484

Table legend: (Time is in decaauts)
 A = Elapsed time spent in this place.
 B = Non-inter-level travel time spent in this place.
 C = Inter-level travel time spent in this place.
 D = Time resting spent in this place.
 E = Time spent auto-exploring this place.
 F = Levels seen in this place.
 G = Mean time per level.
                   A        B        C        D        E       F      G
               +--------+--------+--------+--------+--------+-----+--------+
         Total |  17830 |  16672 |   1158 |   1342 |  10915 |  19 |  938.4 |
       Dungeon |   9683 |   9008 |    675 |    547 |   6665 |  10 |  968.3 |
          Lair |   5205 |   4827 |    378 |    617 |   2946 |   5 | 1041.0 |
  Orcish Mines |   1931 |   1827 |    104 |     99 |    976 |   2 |  965.5 |
      Ice Cave |    613 |    613 |      0 |      0 |    300 |   1 |  613.0 |
       Volcano |    396 |    396 |      0 |     79 |     27 |   1 |  396.0 |
               +--------+--------+--------+--------+--------+-----+--------+

Top non-repeatable levels by time:
     D:8: 1486 daAuts
   Orc:2: 1346 daAuts
  Lair:4: 1232 daAuts
  Lair:3: 1182 daAuts
     D:6: 1167 daAuts
     D:7: 1125 daAuts
  Lair:2: 1105 daAuts
     D:9: 1078 daAuts
  Lair:1: 982 daAuts
     D:1: 977 daAuts
     D:3: 806 daAuts
    D:10: 781 daAuts
     D:2: 779 daAuts
     D:4: 778 daAuts
     D:5: 704 daAuts
